 Dungeon Crawl Stone Soup version 0.22-a0-417-g1387785 (webtiles) character file.

157165 iamserjio the Spry (level 17, 0/96 HPs)
             Began as a Spriggan Skald on May 13, 2018.
             Was an Initiate of Gozag.
             Slain by anything's ghost (25 damage)
             ... on level 3 of the Elven Halls on May 14, 2018.
             The game lasted 03:05:00 (54864 turns).

iamserjio the Spry (Spriggan Skald)                Turns: 54864, Time: 03:05:00

Health: 0/96       AC:  8    Str: 15    XL:     17   Next: 11%
Magic:  0/27       EV: 34    Int: 15    God:    Gozag
Gold:   8298       SH: 10    Dex: 18    Spells: 17/28 levels left

rFire    + . .     SeeInvis +   P - +1 long sword (holy)
rCold    + + .     Gourm    .   H - +3 buckler {AC+3}
rNeg     + . .     Faith    .   p - +2 robe {MR+}
rPois    +         Spirit   +   N - -2 hat of the Alchemist {rElec rPois rF+ rC+ rN+ MR+ rMut rCorr}
rElec    +         Reflect  .   r - +2 cloak {rC+}
rCorr    +         Harm     .   (gloves unavailable)
rMut     +                      (boots unavailable)
MR       ++++.                  O - amulet of guardian spirit
Stlth    ++++++....             E - +4 ring of strength
HPRegen  0.26/turn              T - ring of stealth
MPRegen  0.20/turn

@: very quick
A: very small, unfitting armour, see invisible, herbivore, speed 3, slow
metabolism 2
a: Potion Petition, Call Merchant, Bribe Branch, Renounce Religion


You were on level 3 of the Elven Halls.
You worshipped Gozag.
Gozag was greatly pleased with you.
You were not hungry.

You visited 5 branches of the dungeon, and saw 27 of its levels.
You also visited: Ossuary and Ice Cave.

You collected 12371 gold pieces.
You spent 3293 gold pieces at shops.
You paid 780 gold pieces to Gozag.

Inventory:

Hand Weapons
 D - the +9 falchion of Foul Odors {freeze, Str+5 Dex+2 Stlth+}
   (You bought it in a shop on level 11 of the Dungeon)

   It has been specially enchanted to freeze those struck by it, causing extra
   injury to most foes and up to half again as much damage against particularly
   susceptible opponents.
   It can also slow down cold-blooded creatures.
   It affects your strength (+5).
   It affects your dexterity (+2).
   It makes you more stealthy.
 P - a +1 long sword of holy wrath (weapon)
 V - the +4 dagger of Objectivity {pierce, *Noise rF+ Stlth+}
   (You found it on level 1 of the Lair of Beasts)

   It inflicts extra damage upon your enemies.
   It protects you from fire.
   It may make noises in combat.
   It makes you more stealthy.
Armour
 p - a +2 robe of magic resistance (worn)
 r - a +2 cloak of cold resistance (worn)
 t - a +1 robe of positive energy
 u - the +0 hat "Saynwiov" {rCorr Int+2 Stlth+}
   (You acquired it on level 3 of the Elven Halls)

   It affects your intelligence (+2).
   It protects you from acid and corrosion.
   It makes you more stealthy.
 H - a +3 buckler of protection (worn)
 N - the -2 hat of the Alchemist (worn) {rElec rPois rF+ rC+ rN+ MR+ rMut rCorr}
   (You bought it in a shop on level 2 of the Orcish Mines)

   It protects you from fire.
   It protects you from cold.
   It insulates you from electricity.
   It protects you from poison.
   It protects you from negative energy.
   It affects your resistance to hostile enchantments.
   It protects you from acid and corrosion.
   It protects you from mutation.
Jewellery
 v - the macabre finger necklace {rN+}
   (You found it on level 2 of the Elven Halls)

   [amulet of nothing]

   It protects you from negative energy.
 C - an uncursed ring of ice
 E - a +4 ring of strength (left hand)
 F - an uncursed amulet of the acrobat
 O - an amulet of guardian spirit (around neck)
 T - a ring of stealth (right hand)
 X - an uncursed ring of fire
Wands
 c - a wand of scattershot (8)
 s - a wand of paralysis (58)
 K - a wand of enslavement (23)
 S - a wand of digging (2)
 W - a wand of clouds (6)
 Z - a wand of iceblast (18)
Scrolls
 a - a scroll of summoning
 g - a scroll of vulnerability {unknown}
 h - a scroll of brand weapon {unknown}
 l - 8 scrolls of remove curse
 q - 5 scrolls of fear
 y - 3 scrolls of teleportation
 I - 3 scrolls of silence
 L - 6 scrolls of enchant weapon {unknown}
 Q - 2 scrolls of fog
 R - a scroll of amnesia
 Y - 3 scrolls of blinking
Potions
 e - 2 potions of lignification
 f - 2 potions of magic {unknown}
 i - 7 potions of curing
 j - 4 potions of heal wounds
 k - 11 potions of mutation
 m - 4 potions of cancellation
 n - 3 potions of brilliance {unknown}
 w - 2 potions of resistance
 x - 2 potions of haste
 z - 2 potions of berserk rage {unknown}
 A - 5 potions of might {unknown}
 B - a potion of invisibility {unknown}
 G - 4 potions of agility {unknown}
 M - a potion of ambrosia {unknown}
 U - a potion of experience {unknown}
Miscellaneous
 b - a box of beasts
 o - a fan of gales
Comestibles
 d - 9 rations


   Skills:
 * Level 13.8 Fighting
 - Level 10.5(14.8) Short Blades
 + Level 13.4(14.2) Long Blades
 + Level 2.2 Armour
 * Level 18.4 Dodging
 + Level 11.4 Stealth
 - Level 4.0 Shields
 - Level 6.0 Spellcasting
 - Level 8.0 Charms
 + Level 10.7 Evocations


You had 17 spell levels left.
You knew the following spells:

 Your Spells              Type           Power        Failure   Level  Hunger
a - Infusion              Chrm           ####         1%          1    None
b - Shroud of Golubria    Chrm/Tloc      ###.......   5%          2    #......
c - Spectral Weapon       Hex/Chrm       ###.....     11%         3    ##.....
d - Regeneration          Chrm/Necr      ###.......   11%         3    ##.....
e - Song of Slaying       Chrm           ####....     1%          2    #......

Your spell library contained the following spells:

 Spells                   Type           Power        Failure   Level  Hunger
 Magic Dart               Conj           #...         19%         1    None
 Conjure Flame            Conj/Fire      #.......     47%         3    ##.....
 Controlled Blink         Tloc           N/A          100%        8    #######
 Freezing Cloud           Conj/Ice/Air   #.........   100%        6    #######
 Mephitic Cloud           Conj/Pois/Air  #.......     47%         3    ##.....
 Ring of Flames           Chrm/Fire      ###.......   100%        7    #######
 Iskenderun's Mystic Bla  Conj           #.......     87%         4    ####...
 Deflect Missiles         Chrm/Air       ###.......   99%         6    #######
 Shadow Creatures         Summ           N/A          100%        6    #######
 Ensorcelled Hibernation  Hex/Ice        #.....       26%         2    #......
 Silence                  Hex/Air        #.........   99%         5    ######.
 Dispersal                Tloc           #.........   100%        6    #######
 Conjure Ball Lightning   Conj/Air       #.........   100%        6    #######
 Portal Projectile        Hex/Tloc       #.....       47%         3    ##.....
 Tornado                  Air            #.........   100%        9    #######
 Darkness                 Hex            #.........   100%        6    #######
 Disjunction              Tloc           #.........   100%        8    #######
 Fulminant Prism          Conj/Hex       #.........   87%         4    ####...
 Dazzling Spray           Conj/Hex       #.....       47%         3    ##.....
 Force Lance              Conj/Tloc      #.......     87%         4    ####...
 Searing Ray              Conj           #.....       26%         2    #......
 Summon Lightning Spire   Summ/Air       #.......     87%         4    ####...
 Gell's Gravitas          Tloc           #.........   47%         3    ##.....
 Poisonous Vapours        Pois/Air       #.....       26%         2    #......
 Borgnjor's Vile Clutch   Necr/Erth      #.........   99%         5    ######.


Dungeon Overview and Level Annotations

Branches:
Dungeon (15/15)            Temple (1/1) D:7            Lair (6/6) D:9
  Swamp (0/4) Lair:3       Spider (0/4) Lair:4        Slime (0/5) Lair:5
    Orc (2/2) D:9             Elf (3/3) Orc:2        Vaults (0/5) D:13
 Depths (0/5) D:15

Altars:
Ashenzari
Cheibriados
Dithmenos
Elyvilon
Fedhas
Gozag
Kikubaaqudgha
Makhleb
Nemelex Xobeh
Ru
Sif Muna
Trog
Uskayaw
Vehumet
Wu Jian
Yredelemnul
Zin
The Shining One
Beogh

Shops:
D:11 (   D:14 =   Orc:2 [?[}(

Annotations:
D:3 2 transporters
D:6 George's ghost, novice MiFi
Elf:2 3 runed doors, exclusion: door
Elf:3 anything's ghost, veteran DDFi


Innate Abilities, Weirdness & Mutations

You are very small and have problems with some larger weapons.
You are too small for most types of armour.
You have supernaturally acute eyesight. (SInv)
You are a herbivore.
You cover ground extremely quickly.
You need to consume almost no food.


Message History

There is a stone staircase leading down here.
Casting: Shroud of Golubria (safe; 5% risk of failure)
Confirm with . or Enter, or press ? or * to list all spells.
Space distorts slightly along a thin shroud covering your body.
You climb downwards.
Level annotation: anything's ghost, veteran DDFi Anything's ghost hits you!!
Anything's ghost burns you.
There is a stone staircase leading up, spattered with blood here.
Casting: Shroud of Golubria (safe; 5% risk of failure)
Confirm with . or Enter, or press ? or * to list all spells.
You draw out your weapon's spirit!
Your shroud bends anything's ghost's attack away.
You closely miss anything's ghost. Anything's ghost hits you!!!
Your shroud falls apart!
Anything's ghost burns you!
* * * LOW HITPOINT WARNING * * *
Your spectral weapon completely misses anything's ghost.
Anything's ghost hits you!!
You die...
Your body crumbles into a pile of gold.

##..8..## ##'.....##..
##...## ##.##'####...
###'# ##.###e# ##..
##'#####.## #W# #..
##.....#'## #.# ##'.
##.......######.# ##.#.
#.........#..##'###.###
#.........#.....##.##
#....[@(..'......'##
#......W..#........###
#.........#......^...#
##......<##........###
##.....###......###
####### #....### #..###
####


You could see anything's ghost and a friendly spectral long sword of holy wrath.

Vanquished Creatures
  Kirke (Lair:5)
  The ghost of tstbtto the Severer, a journeyman DrFi of Trog (Orc:2)
  2 deep elf sorcerers
  A deep elf elementalist (Elf:3)
  An orc warlord (Orc:2)
  The ghost of Mgcat the Basher, a journeyman GnCK of Xom (Lair:6)
  A deep elf demonologist (Elf:3)
  A deep elf annihilator (Elf:2)
  An ettin (Orc:2)
  Snorg (D:11)
  2 fire dragons
  Josephine (D:13)
  A yaktaur captain (D:13)
  3 deep elf high priests
  8 vault guards (D:13)
  An ogre mage (D:13)
  7 hydras
  An ice dragon (shapeshifter) (Elf:2)
  7 centaur warriors
  2 death knights
  A merfolk avatar (Lair:6)
  9 death yaks
  6 two-headed ogres
  3 orc high priests
  9 deep elf knights
  A glowing orange brain (D:15)
  2 sea snakes (Lair:6)
  8 unseen horrors
  11 deep elf archers
  2 orc knights (Orc:2)
  42 deep elf magi
  5 orc sorcerers
  2 wolf spider zombies
  4 oklob plants (Lair:3)
  4 manticores
  A moth of wrath (Lair:5)
  5 cyclopes
  6 ugly things (D:15)
  A centaur zombie (D:15)
  5 black mambas
  3 elephants (Lair:6)
  3 ice statues (IceCv)
  3 torpor snails
  A spiny frog (shapeshifter) (D:15)
  6 gargoyles
  11 spiny frogs
  6 rime drakes
  3 yaktaurs (D:13)
  8 komodo dragons
  A meliai (shapeshifter) (D:15)
  15 tyrant leeches
  A meliai (D:13)
  8 trolls
  20 polar bears
  13 blink frogs
  A hornet (Lair:5)
  8 dream sheep
  4 slime creatures (D:15)
  A meliai zombie (D:13)
  9 hippogriffs
  A centaur simulacrum (D:15)
  A vampire (D:11)
  3 air elementals
  A tarantella (shapeshifter) (D:14)
  A wyvern (shapeshifter) (D:15)
  9 wraiths
  3 shadows
  22 yaks
  A spriggan (Lair:1)
  2 water elementals
  7 wyverns
  4 fire elementals
  A basilisk (D:13)
  A yak (shapeshifter) (Elf:2)
  2 hogs (Lair:5)
  3 hungry ghosts
  7 vampire mosquitoes
  4 wargs
  A swamp worm (Lair:6)
  Edmund (D:6)
  A water moccasin (shapeshifter) (D:15)
  10 porcupines
  18 water moccasins
  2 sky beasts
  5 black bears
  A hornet zombie (D:14)
  16 ice beasts
  40 orc warriors
  2 eyes of draining
  3 phantoms
  An eye of draining (shapeshifter) (D:14)
  A necrophage (D:9)
  10 ogres
  9 centaurs
  18 crocodiles
  12 wolves
  A big kobold (D:8)
  A gnoll sergeant (D:11)
  21 bullfrogs
  3 earth elementals
  4 water moccasin zombies (Ossuary)
  5 scorpions
  3 wights (D:10)
  2 howler monkeys
  8 crimson imps
  A bullfrog zombie (D:13)
  A quasit (D:9)
  6 bullfrog skeletons
  A jelly (D:13)
  23 orc priests
  5 centaur skeletons
  2 hounds
  26 orc wizards
  Jessica (D:3)
  Natasha (thrice) (D:3)
  9 iguanas
  12 worker ants
  3 big kobold zombies (Ossuary)
  2 hound zombies
  2 mummies (Ossuary)
  2 worker ant zombies
  9 gnolls
  7 adders
  2 shadow imps
  An ooze (D:2)
  3 adder zombies (Ossuary)
  An adder skeleton (D:4)
  5 worms
  3 dart slugs
  4 leopard geckos
  96 orcs
  5 giant cockroaches
  3 gnoll zombies (Ossuary)
  8 goblins
  6 hobgoblins
  24 jackals
  5 kobolds
  3 quokkas
  4 ball pythons
  5 bats
  5 frilled lizards
  5 hobgoblin zombies (Ossuary)
  A jackal skeleton (D:5)
  A jackal zombie (D:7)
  3 kobold zombies (Ossuary)
  5 orc zombies (Ossuary)
  A rat (D:2)
  A spectral weapon (Lair:6)
883 creatures vanquished.

Vanquished Creatures (collateral kills)
  A yak (IceCv)
1 creature vanquished.

Vanquished Creatures (others)
  A deep elf demonologist (Elf:3)
  10 dancing weapons
  2 deep elf magi (Elf:3)
  A polar bear (IceCv)
  2 humans
  A wolf (IceCv)
  An orc (Orc:2)
  A bush (Lair:6)
  13 fungi
  19 plants
  56 spectral weapons
107 creatures vanquished.

Grand Total: 991 creatures vanquished

Notes
Turn   | Place    | Note
-------+----------+-------------------------------------------
     0 | D:1      | iamserjio the Spriggan Skald began the quest for the Orb.
     0 | D:1      | Reached XP level 1. HP: 10/10 MP: 5/5
   632 | D:1      | Reached XP level 2. HP: 11/15 MP: 6/6
  1570 | D:1      | Reached skill level 4 in Dodging
  1736 | D:2      | Reached XP level 3. HP: 16/18 MP: 3/8
  2032 | D:2      | Reached skill level 1 in Stealth
  2847 | D:3      | Learned a level 2 spell: Shroud of Golubria
  2853 | D:3      | Found a blossoming altar of Fedhas.
  2883 | D:3      | Reached XP level 4. HP: 23/23 MP: 4/9
  3288 | D:3      | Found a transporter.
  3492 | D:3      | Noticed Natasha
  3505 | D:3      | Killed Natasha
  3696 | D:3      | Noticed Natasha
  3805 | D:3      | Found a transporter.
  3815 | D:3      | Noticed Jessica
  3842 | D:3      | Killed Natasha
  3842 | D:3      | Reached skill level 5 in Charms
  3842 | D:3      | Reached XP level 5. HP: 21/26 MP: 1/10
  3843 | D:3      | Noticed Natasha
  4390 | D:3      | Killed Natasha
  4647 | D:3      | Killed Jessica
  4647 | D:3      | Reached skill level 5 in Dodging
  4828 | D:3      | Reached XP level 6. HP: 18/32 MP: 1/11
  5328 | D:4      | Learned a level 3 spell: Spectral Weapon
  5339 | D:4      | Reached skill level 5 in Short Blades
  6182 | D:4      | Reached XP level 7. HP: 36/36 MP: 10/12
  6600 | D:5      | Entered Level 5 of the Dungeon
  6610 | D:5      | Found a sparkling altar of Nemelex Xobeh.
  6646 | D:5      | Reached skill level 6 in Dodging
  6666 | D:5      | Found a sand-covered staircase.
  6673 | Ossuary  | Entered an ossuary
  7435 | D:5      | Reached XP level 8. HP: 41/41 MP: 9/14
  7806 | D:5      | Found a shadowy altar of Dithmenos.
  8313 | D:6      | Found a sacrificial altar of Ru.
  8331 | D:6      | Noticed George's ghost (novice MiFi)
  8469 | D:6      | Reached skill level 7 in Dodging
  8533 | D:6      | Noticed Edmund
  8558 | D:6      | Killed Edmund
 10261 | D:6      | Reached skill level 5 in Spellcasting
 10394 | D:6      | Reached skill level 8 in Dodging
 10660 | D:7      | Found a snail-covered altar of Cheibriados.
 10660 | D:7      | Found a burning altar of Makhleb.
 10660 | D:7      | Found a bloodstained altar of Trog.
 10686 | D:7      | Found an ancient bone altar of Kikubaaqudgha.
 10842 | D:7      | Reached XP level 9. HP: 31/46 MP: 8/18
 11360 | D:7      | Found an ornate altar of the Wu Jian Council.
 11396 | D:7      | Found a sparkling altar of Nemelex Xobeh.
 11576 | D:7      | Found a staircase to the Ecumenical Temple.
 11693 | Temple   | Entered the Ecumenical Temple
 11703 | Temple   | Became a worshipper of Gozag Ym Sagoz the Greedy
 12753 | D:9      | Reached skill level 5 in Fighting
 12753 | D:9      | Reached skill level 5 in Stealth
 12773 | D:9      | Found a basalt altar of Yredelemnul.
 12816 | D:9      | Noticed a gargoyle
 12862 | D:9      | Found a staircase to the Lair.
 12864 | D:9      | Noticed a komodo dragon
 12885 | D:9      | Found a deep blue altar of Sif Muna.
 12888 | D:9      | Identified a scroll of acquirement
 12973 | D:9      | Reached skill level 9 in Dodging
 13060 | D:9      | Found a radiant altar of Vehumet.
 13102 | D:9      | Killed a gargoyle
 13573 | D:9      | Noticed an unseen horror
 13577 | D:9      | Killed an unseen horror
 13577 | D:9      | Reached XP level 10. HP: 51/51 MP: 19/19
 13600 | D:9      | Found a staircase to the Orcish Mines.
 13760 | D:9      | Reached skill level 10 in Short Blades
 14083 | D:10     | Entered Level 10 of the Dungeon
 15211 | D:10     | Reached skill level 10 in Dodging
 15701 | D:11     | Found Foemuen's Antique Weapon Shoppe.
 15709 | D:11     | Bought a dazzling falchion for 240 gold pieces
 15709 | D:11     | Identified the +9 falchion of Foul Odors {freeze, Str+5 Dex+2 Stlth+} (You bought it in a shop on level 11 of the Dungeon)
 15725 | D:11     | Noticed an unseen horror
 15966 | D:11     | Noticed a two-headed ogre
 16257 | D:11     | Reached skill level 1 in Long Blades
 16437 | D:11     | Reached skill level 10 in Stealth
 16490 | D:11     | Killed an unseen horror
 16700 | D:11     | Noticed a two-headed ogre
 16708 | D:11     | Killed a two-headed ogre
 16708 | D:11     | Reached XP level 11. HP: 49/57 MP: 16/20
 16878 | D:11     | Killed a two-headed ogre
 16878 | D:11     | Reached skill level 11 in Dodging
 16897 | D:11     | Noticed Snorg
 16950 | D:11     | Killed Snorg
 17380 | D:12     | Found a frozen archway.
 17457 | IceCv    | Entered an ice cave
 17629 | IceCv    | Reached skill level 5 in Long Blades
 19074 | IceCv    | Reached skill level 12 in Dodging
 20424 | IceCv    | Noticed a frost giant
 20907 | IceCv    | Learned a level 3 spell: Regeneration
 21121 | IceCv    | Reached XP level 12. HP: 41/64 MP: 13/22
 21696 | D:12     | Noticed a two-headed ogre
 21703 | D:12     | Killed a two-headed ogre
 21740 | D:12     | Noticed a two-headed ogre
 21754 | D:12     | Killed a two-headed ogre
 22411 | Lair:1   | Entered Level 1 of the Lair of Beasts
 22589 | Lair:1   | Reached skill level 1 in Evocations
 22788 | Lair:1   | Got a transparent dagger
 22797 | Lair:1   | Identified the +4 dagger of Objectivity {pierce, *Noise rF+ Stlth+} (You found it on level 1 of the Lair of Beasts)
 22816 | Lair:1   | Reached skill level 13 in Dodging
 23545 | Lair:2   | Noticed a four-headed hydra
 23552 | Lair:2   | Killed a four-headed hydra
 24367 | Lair:2   | Noticed a four-headed hydra
 24386 | Lair:2   | Killed a four-headed hydra
 24835 | Lair:3   | Found a hide-covered altar of Uskayaw.
 24972 | Lair:3   | Reached skill level 5 in Evocations
 25470 | Lair:3   | HP: 2/66 [wyvern (4)]
 26663 | Lair:3   | Found a staircase to the Swamp.
 26829 | Lair:3   | Reached XP level 13. HP: 70/70 MP: 20/23
 27407 | Lair:4   | Found a shattered altar of Ashenzari.
 27810 | Lair:4   | Found a hole to the Spider Nest.
 29360 | Lair:5   | Reached skill level 10 in Fighting
 29556 | Lair:5   | Reached skill level 14 in Dodging
 29603 | Lair:5   | Found a staircase to the Slime Pits.
 30004 | Lair:5   | Noticed Kirke
 30019 | Lair:5   | Killed Kirke
 30678 | Lair:6   | Entered Level 6 of the Lair of Beasts
 32110 | Lair:6   | Reached XP level 14. HP: 53/77 MP: 14/24
 32648 | Lair:6   | Noticed Mgcat's ghost (journeyman GnCK)
 32700 | Lair:5   | Upgraded the game from 0.22-a0-414-gacd343e to 0.22-a0-417-g1387785
 33946 | Lair:6   | Reached skill level 10 in Long Blades
 34994 | Lair:6   | Reached skill level 15 in Dodging
 35204 | Lair:6   | Killed Mgcat's ghost
 36677 | Orc:1    | Entered Level 1 of the Orcish Mines
 36908 | Orc:2    | Entered Level 2 of the Orcish Mines
 36923 | Orc:2    | Found a roughly hewn altar of Beogh.
 36990 | Orc:2    | Found Kibun's Magic Scroll Boutique.
 36996 | Orc:2    | Bought a scroll of magic mapping for 35 gold pieces
 36996 | Orc:2    | Bought a scroll of identify for 20 gold pieces
 36996 | Orc:2    | Bought a scroll of teleportation for 30 gold pieces
 36996 | Orc:2    | Bought a scroll of teleportation for 30 gold pieces
 36996 | Orc:2    | Bought 2 scrolls of silence for 150 gold pieces
 36996 | Orc:2    | Bought a scroll of enchant armour for 75 gold pieces
 36996 | Orc:2    | Bought a scroll of teleportation for 30 gold pieces
 36998 | Orc:2    | Bought a scroll of teleportation for 30 gold pieces
 36998 | Orc:2    | Bought a scroll of identify for 20 gold pieces
 37017 | Orc:2    | Learned a level 2 spell: Song of Slaying
 37065 | Orc:2    | Noticed tstbtto's ghost (journeyman DrFi)
 37403 | Orc:1    | Reached skill level 1 in Shields
 37588 | Orc:2    | Found a staircase to the Elven Halls.
 37600 | Orc:2    | Reached skill level 10 in Evocations
 37699 | Orc:2    | Found a roughly hewn altar of Beogh.
 37806 | Orc:2    | Found a roughly hewn altar of Beogh.
 37893 | Orc:2    | Found a roughly hewn altar of Beogh.
 38277 | Orc:2    | Found a roughly hewn altar of Beogh.
 38282 | Orc:2    | Found Zaocil's Gadget Boutique.
 38314 | Orc:2    | Bought a box of beasts for 240 gold pieces
 38416 | Orc:2    | Noticed an orc warlord
 38753 | Orc:2    | Killed an orc warlord
 38899 | Orc:2    | Found Daagreev's Antique Weapon Emporium.
 38916 | Orc:2    | Found a roughly hewn altar of Beogh.
 38938 | Orc:2    | Found Guqihara's Antique Armour Shoppe.
 40216 | D:13     | Reached XP level 15. HP: 55/84 MP: 16/25
 41009 | D:13     | Noticed Josephine
 42463 | D:13     | Found a runed door.
 42596 | D:13     | Killed Josephine
 42657 | D:13     | Reached skill level 16 in Dodging
 42731 | D:13     | Found a gate to the Vaults.
 44404 | D:14     | Found Wiyteory's Jewellery Shoppe.
 44690 | D:14     | Bought an uncursed ring of stealth for 280 gold pieces
 44690 | D:14     | Bought an uncursed ring of poison resistance for 320 gold pieces
 44993 | D:15     | Entered Level 15 of the Dungeon
 45819 | D:15     | Reached XP level 16. HP: 68/90 MP: 19/26
 46392 | D:15     | Found a staircase to the Depths.
 46673 | Orc:2    | Killed tstbtto's ghost
 47022 | Elf:1    | Entered Level 1 of the Elven Halls
 47283 | Orc:2    | Reached skill level 17 in Dodging
 49956 | Elf:1    | Got a jewelled hunting sling
 50417 | Elf:2    | Found the macabre finger necklace {rN+}
 51662 | Orc:2    | Bought the -2 hat of the Alchemist {rElec rPois rF+ rC+ rN+ MR+ rMut rCorr} for 1793 gold pieces
 51662 | Orc:2    | Found the -2 hat of the Alchemist {rElec rPois rF+ rC+ rN+ MR+ rMut rCorr}
 51827 | Elf:3    | Entered Level 3 of the Elven Halls
 52159 | Elf:2    | Found a white marble altar of Elyvilon.
 52180 | Elf:2    | Found a glowing golden altar of the Shining One.
 52180 | Elf:2    | Found a glowing silver altar of Zin.
 52658 | Elf:2    | Found a runed gate.
 52658 | Elf:2    | Found a runed gate.
 52658 | Elf:2    | Found a runed gate.
 52744 | Elf:2    | Found a radiant altar of Vehumet.
 52764 | Elf:2    | Reached skill level 1 in Armour
 52766 | Elf:2    | Reached skill level 18 in Dodging
 53620 | Elf:3    | Found an ancient bone altar of Kikubaaqudgha.
 53897 | Elf:3    | Reached XP level 17. HP: 91/96 MP: 19/27
 54069 | Elf:3    | Noticed anything's ghost (veteran DDFi)
 54619 | Elf:3    | Noticed a deep elf blademaster
 54686 | Elf:3    | Got a warped hat
 54697 | Elf:3    | Identified the +0 hat "Saynwiov" {rCorr Int+2 Stlth+} (You acquired it on level 3 of the Elven Halls)
 54864 | Elf:3    | Slain by anything's ghost

Vault maps used:
D:1:      minmay_arrival_loop
D:3:      gammafunk_wand_slinger, kennysheep_cross_room, fedhas_altar_1,
          uniq_jessica, uniq_natasha
D:4:      st_stairs_8
D:5:      grunt_dithmenos_smoke, first_ration, enter_ossuary_2,
          nemelex_xobeh_ov_fountains_minmay
D:6:      nicolae_ru_path_of_blood, uniq_edmund
D:7:      nicolae_overflow_quartered_altars, kennysheep_little_box,
          overflow_temple_1_default, minmay_temple_entry_poolview
D:8:      blue_anna_alchemist, hangedman_abyss_or_decor_lesser_grid
D:9:      overflow_temple_1_default, overflow_temple_1_default,
          nicolae_overflow_hidden_temple, david_lair_shrubbed
D:11:     serial_shops, nicolae_shop_overgrown_old_shop, uniq_snorg
D:12:     portal_ice_cave_entry_ice_beasts, minmay_misc_feat_pillars
D:13:     minmay_spiral_squares, erik_vaults_2, minivault_1,
          eino_small_chamber_without_monster, lightli_airlock, uniq_josephine
D:14:     serial_shops, nicolae_shop_waterfront, minmay_fountain_box,
          grunt_ministairs_9
D:15:     gammafunk_enter_depths_forms
Temple:   jpeg_temple_clearing
Lair:1:   grunt_forest_large_clearing_hut
Lair:3:   swamp_mist_pool, basic_altar, serial_bayou_shore_b,
          minmay_lair_oklob_chamber, grunt_megastairs_1
Lair:4:   nicolae_spider_entry_non_spiders, basic_altar, serial_bayou_shore_b
Lair:5:   dpeg_slime_entry_corner, lemuel_fruit_tree, uniq_kirke
Lair:6:   gammafunk_lair_ancient_temple, st_stairs_7, worms_lemuel
Orc:1:    serial_shops
Orc:2:    grunt_orc_community_town_hall, grunt_orc_community_big_house_2,
          grunt_orc_community_big_house_2, grunt_orc_community_house_3,
          grunt_orc_community_house_3, grunt_orc_community_house_1,
          grunt_orc_community_house_1
Elf:1:    minmay_elf_arrival_circle, kennysheep_underground_church,
          hangedman_glass_teeth
Elf:2:    basic_altar, portal_desolation_entry_holy_temple
Elf:3:    elf_hall, basic_altar
Ossuary:  ossuary_tomb_2
IceCv:    ice_cave_small_giant

Skill      XL: |  1  2  3  4  5  6  7  8  9 10 11 12 13 14 15 16 17 |
---------------+----------------------------------------------------+-----
Spellcasting   | 3 5 6 |  6.0
Dodging        | 4 5 6 8 9 10 12 13 14 15 16 18 | 18.4
Short Blades   | 3 4 5 6 8 9 10 | 10.5
Fighting       | 2 3 4 5 6 7 9 10 11 12 13 | 13.8
Stealth        | 1 7 10 11 | 11.4
Charms         | 5 6 7 8 |  8.0
Long Blades    | 3 6 8 9 10 12 13 | 13.4
Evocations     | 5 8 10 | 10.7
Shields        | 2 4 |  4.0
Armour         | 1 2 |  2.2

Action                   |  1- 3 |  4- 6 |  7- 9 | 10-12 | 13-15 | 16-18 || total
-------------------------+-------+-------+-------+-------+-------+-------++-------
Melee: Short sword       |   115 |   213 |   460 |    22 |       |       ||   810
       Rapier            |       |       |   206 |   166 |       |       ||   372
       Falchion          |       |       |       |   593 |  1862 |   659 ||  3114
       Dagger            |       |       |       |    86 |    73 |    16 ||   175
       Long sword        |       |       |       |       |       |    21 ||    21
Throw: Stone             |       |       |       |    10 |     3 |       ||    13
 Cast: Infusion          |    17 |    13 |     1 |       |     1 |       ||    32
       Shroud of Golubri |       |    14 |    16 |    19 |    43 |    27 ||   119
       Spectral Weapon   |       |     3 |    19 |    40 |    68 |    23 ||   153
       Regeneration      |       |       |       |     1 |    14 |     5 ||    20
       Song of Slaying   |       |       |       |       |     9 |     8 ||    17
Invok: Potion Petition   |       |       |       |       |       |     1 ||     1
       Call Merchant     |       |       |       |       |       |     1 ||     1
Evoke: Wand              |       |       |    17 |    43 |    54 |     8 ||   122
       Box of beasts     |       |       |       |       |       |     1 ||     1
  Use: Scroll            |     1 |     1 |    12 |     5 |    18 |    10 ||    47
       Potion            |       |       |       |     7 |     6 |     1 ||    14
 Stab: Sleeping          |     1 |     2 |    10 |    27 |    46 |    14 ||   100
       Distracted        |       |     1 |     4 |    14 |    25 |     8 ||    52
       Paralysed         |       |       |     5 |     2 |    21 |     9 ||    37
  Eat: Ration            |       |     2 |     5 |    10 |    16 |     7 ||    40
Armor: Robe              |     5 |    18 |    24 |    59 |    96 |    15 ||   217
Dodge: Dodged            |    71 |   155 |   364 |   781 |  1139 |   305 ||  2815
Block: Buckler           |       |       |    23 |   191 |   533 |   170 ||   917
       Rpst.: Falchion   |       |       |       |   134 |   280 |    80 ||   494
       Long sword        |       |       |       |       |       |     2 ||     2

Table legend:
 A = Spawn XP
 B = Non-spawn XP
 C = Spawn XP percentage of total XP
 D = Spawn monster count
 E = Non-spawn monster count
 F = Spawn count percentage of total count
 G = Total turns spent on level
                    A         B        C        D         E        F      G
               +---------+---------+-------+---------+---------+-------+---------
         Total |       0 |  224522 |   0.0 |       0 |     897 |   0.0 | 54864
               +---------+---------+-------+---------+---------+-------+---------
           D:1 |       0 |      38 |   0.0 |       0 |      19 |   0.0 |  1715
           D:2 |       0 |      98 |   0.0 |       0 |      24 |   0.0 |  1301
           D:3 |       0 |     245 |   0.0 |       0 |      23 |   0.0 |  1931
           D:4 |       0 |     399 |   0.0 |       0 |      20 |   0.0 |  1653
           D:5 |       0 |     405 |   0.0 |       0 |      15 |   0.0 |  1385
           D:6 |       0 |    1018 |   0.0 |       0 |      13 |   0.0 |  1977
           D:7 |       0 |     404 |   0.0 |       0 |      10 |   0.0 |  1086
           D:8 |       0 |     743 |   0.0 |       0 |      10 |   0.0 |  1238
           D:9 |       0 |    2501 |   0.0 |       0 |      13 |   0.0 |  1368
          D:10 |       0 |    1978 |   0.0 |       0 |      43 |   0.0 |  1791
          D:11 |       0 |    5384 |   0.0 |       0 |      36 |   0.0 |  1531
          D:12 |       0 |    6608 |   0.0 |       0 |      28 |   0.0 |  1032
          D:13 |       0 |   36961 |   0.0 |       0 |     101 |   0.0 |  4289
          D:14 |       0 |    5784 |   0.0 |       0 |      28 |   0.0 |   905
          D:15 |       0 |   16762 |   0.0 |       0 |      41 |   0.0 |  1461
        Lair:1 |       0 |    2592 |   0.0 |       0 |      14 |   0.0 |  1034
        Lair:2 |       0 |    3658 |   0.0 |       0 |      11 |   0.0 |  2137
        Lair:3 |       0 |    7455 |   0.0 |       0 |      26 |   0.0 |  2810
        Lair:4 |       0 |    9037 |   0.0 |       0 |      32 |   0.0 |  2081
        Lair:5 |       0 |   16629 |   0.0 |       0 |      47 |   0.0 |  3648
        Lair:6 |       0 |   18429 |   0.0 |       0 |      55 |   0.0 |  2475
         Orc:1 |       0 |    2450 |   0.0 |       0 |      21 |   0.0 |  1135
         Orc:2 |       0 |   15367 |   0.0 |       0 |     101 |   0.0 |  3450
         Elf:1 |       0 |   19475 |   0.0 |       0 |      37 |   0.0 |  3889
         Elf:2 |       0 |   22137 |   0.0 |       0 |      39 |   0.0 |  1845
         Elf:3 |       0 |   19815 |   0.0 |       0 |      30 |   0.0 |   978
       Ossuary |       0 |     452 |   0.0 |       0 |      28 |   0.0 |   693
         IceCv |       0 |    7698 |   0.0 |       0 |      32 |   0.0 |  4006
               +---------+---------+-------+---------+---------+-------+---------
